 Dungeon Crawl Stone Soup version 0.20-a0-809-gaf7f668 (webtiles) character file.

11 Gorglomux the Skirmisher (level 2, -5/26 HPs)
             Began as a Minotaur Abyssal Knight on Mar 4, 2017.
             Slain by a thrashing horror (8 damage)
             ... created by the touch of Lugonu
             ... on level 1 of the Dungeon.
             The game lasted 00:01:07 (740 turns).

Gorglomux the Skirmisher (Minotaur Abyssal Knight)   Turns: 740, Time: 00:01:08

Health: -5/26      AC:  3    Str: 16    XL:     2   Next: 13%
Magic:  2/2        EV: 11    Int:  9    God:
Gold:   61         SH:  0    Dex:  9    Spells: 1/1 levels left

rFire    . . .     SeeInvis .   a - +1 hand axe
rCold    + . .     Gourm    .   b - +0 leather armour
rNeg     . . .     Faith    .   (no shield)
rPois    .         Spirit   .   (helmet restricted)
rElec    .         Reflect  .   i - scarf {rC+}
rCorr    .         Harm     .   (no gloves)
MR       .....                  (no boots)
Stlth    +.........             (no amulet)
Regen    0.1/turn               (no ring)
MPRegen  0.1/turn               (no ring)

@: no status effects
A: retaliatory headbutt, horns 2
a: no special abilities


You were on level 1 of the Dungeon.
You were not hungry.

You visited 1 branch of the dungeon, and saw 1 of its levels.
You visited the Abyss 1 time.

You collected 61 gold pieces.

Inventory:

Hand Weapons
 a - a +1 hand axe (weapon)
Missiles
 k - 3 tomahawks (quivered)
Armour
 b - a +0 leather armour (worn)
 i - a scarf of cold resistance (worn)
Scrolls
 h - a scroll of teleportation {unknown}
 j - a scroll of remove curse {unknown}
 l - a scroll of magic mapping {unknown}
 m - a scroll of amnesia {unknown}
Potions
 e - a potion of brilliance {unknown}
 f - a potion of heal wounds {unknown}
 g - a potion of cancellation {unknown}
 n - a potion of invisibility {unknown}
Comestibles
 c - 2 bread rations
 o - 2 chunks of flesh


   Skills:
 - Level 3.6 Fighting
 + Level 3.4 Axes
 - Level 2.4 Armour
 - Level 1.1 Dodging
   Level 1.7 Invocations


You had one spell level left.
You didn't know any spells.

Dungeon Overview and Level Annotations

Branches:
Dungeon (1/15)

Altars:


Innate Abilities, Weirdness & Mutations

You reflexively headbutt those who attack you in melee.
You have a pair of horns on your head.


Message History

A thrashing horror is nearby!
The thrashing horror roars!
The thrashing horror tramples you.
You hold your ground!
The thrashing horror misses you.
The thrashing horror roars!
The thrashing horror tramples you.
You stumble backwards!
The thrashing horror tramples you.
You stumble backwards!
The thrashing horror tramples you!
Ouch! That really hurt!
* * * LOW HITPOINT WARNING * * *
You hold your ground!
The thrashing horror misses you.
The thrashing horror closely misses you.
The thrashing horror tramples you.
* * * LOW HITPOINT WARNING * * *
You stumble backwards!
The thrashing horror roars!
The thrashing horror tramples you but does no damage. x2
The thrashing horror roars!
The thrashing horror tramples you!
You die...

# #.###....# ##.....##
#.#.##. # # ###..#
##...## #...##. # #..#
##+## #..###. #
#####>.######.# #..#
#. #
............##.#######
#..###.
######.####.##.......#
#...... ##
#.#...####.# ##.####
#.X.....##.# #.#
#..@...#.#.####.#
####.##(....>...#
#.#####.###### #.# #.#
######.#####.#
#............#
###..###...#####
#....8.....#
#########.##.[.##..#


You could see a thrashing horror.

Vanquished Creatures
  A giant cockroach (D:1)
  A goblin (D:1)
  2 hobgoblins (D:1)
  6 kobolds (D:1)
  A rat (D:1)
11 creatures vanquished.

Notes
Turn   | Place    | Note
-------+----------+-------------------------------------------
     0 | Abyss:1  | Gorglomux the Minotaur Abyssal Knight began the quest for the Orb.
     0 | Abyss:1  | Reached XP level 1. HP: 19/19 MP: 1/1
     6 | D:1      | Escaped the Abyss
   267 | D:1      | Reached skill level 3 in Axes
   508 | D:1      | Fell from the grace of Lugonu
   622 | D:1      | Reached XP level 2. HP: 23/26 MP: 2/2
   733 | D:1      | Noticed a thrashing horror
   740 | D:1      | Slain by a thrashing horror

Vault maps used:
D:1:      grunt_arrival_crossed_arrows

Skill      XL: |  1 |
---------------+----+-----
Axes           | 3 |  3.4
Fighting       | |  3.6
Armour         | |  2.4
Dodging        | |  1.1
Invocations    | |  1.7

Action                   || total
-------------------------++-------
Melee: Hand axe          ||    18
       Headbutt          ||     1
Invok: Renounce Religion ||     1
Armor: Leather armour    ||     4
Dodge: Dodged            ||    15
